 Dungeon Crawl Stone Soup version 0.29-a0-542-g075992c915 (webtiles) character file.

Game seed: 14989335689543644415

5348 dohliylev the Grappler (level 10, -31/147 HPs)
             Began as a Troll Berserker on June 4, 2022.
             Was a Priest of Trog.
             Annihilated by an orc warlord
             ... wielding a +0 vorpal great sword
              (52 damage)
             ... in a bailey.
             The game lasted 00:16:40 (6370 turns).

dohliylev the Grappler (Troll Berserker)            Turns: 6370, Time: 00:16:40

Health: -31/147    AC:  8    Str: 31    XL:     10   Next: 38%
Magic:  9/9        EV: 15    Int:  3    God:    Trog [***...]
Gold:   341        SH:  0    Dex:  9    Spells: 9/9 levels left

rFire   . . .      SeeInvis .     - Unarmed
rCold   . . .      Faith    +   (no shield)
rNeg    . . .      Spirit   .   a - +0 animal skin
rPois   .          Reflect  .   (helmet restricted)
rElec   .          Harm     .   (no cloak)
rCorr   .          Rampage  .   (gloves unavailable)
Will    ++...                   (boots unavailable)
Stlth   ..........              q - amulet of faith
HPRegen 2.14/turn               K - +4 ring of evasion
MPRegen 0.11/turn               j - +4 ring of protection

@: berserking, strong-willed, regenerating, very quick
A: large, unfitting armour, claws 3, regeneration 1, shaggy fur 1, tough skin 1
a: Renounce Religion, Berserk, Trog's Hand


You were in a bailey.
You worshipped Trog.
Trog was most pleased with you.
You visited 1 branch of the dungeon, and saw 7 of its levels.
You also visited: Sewer and Bailey.

You collected 341 gold pieces.

Inventory:

Hand Weapons
 g - a +0 giant spiked club
Armour
 a - a +0 animal skin (worn)
Jewellery
 b - a ring of flight
 j - a +4 ring of protection (right claw)
 p - a ring of resist corrosion
 q - an amulet of faith (around neck)
 r - the ring "Modaps" {*Corrode rPois rF+ rC+ Str+8 Int-4}
   (You found it on level 4 of the Dungeon)

   [ring of protection from fire]

   Str:       It affects your strength (+8).
   Int:       It affects your intelligence (-4).
   rF:        It protects you from fire.
   rC:        It protects you from cold.
   rPois:     It protects you from poison.
   *Corrode:  It may corrode you when you take damage.
 J - a ring of see invisible
 K - a +4 ring of evasion (left claw)
Wands
 y - a wand of iceblast (7)
 z - a wand of polymorph (8)
 F - a wand of digging (8)
 G - a wand of mindburst (13)
Scrolls
 d - a scroll of vulnerability {unknown}
 e - 9 scrolls of identify
 f - 3 scrolls of fear {unknown}
 k - 2 scrolls of blinking {unknown}
 m - 6 scrolls of teleportation {unknown}
 u - 2 scrolls of fog {unknown}
 A - a scroll of enchant armour {unknown}
 B - a scroll of noise {unknown}
 E - a scroll of immolation {unknown}
 I - a scroll of summoning {unknown}
Potions
 c - 2 potions of brilliance {unknown}
 h - 5 potions of curing
 i - 5 potions of lignification {unknown}
 l - 2 potions of resistance {unknown}
 n - a potion of magic {unknown}
 o - 5 potions of haste {unknown}
 s - a potion of mutation {unknown}
 t - 4 potions of heal wounds {unknown}
 v - 2 potions of cancellation {unknown}
 w - a potion of attraction {unknown}
 x - a potion of flight {unknown}
 C - 3 potions of degeneration {unknown}
 D - 2 potions of invisibility {unknown}
 H - 2 potions of might {unknown}
 L - a potion of experience {unknown}


   Skills:
 * Level 6.3 Fighting
 + Level 6.5 Dodging
 + Level 12.2 Unarmed Combat


You had 9 spell levels left.
You didn't know any spells.
Your spell library was empty.

Dungeon Overview and Level Annotations

Branches:
Dungeon (7/15)             Temple (0/1) D:4           Sewer (visited)
 Bailey (1/1)

Altars:
Makhleb
Wu Jian

Shops:
D:5 :

Annotations:
D:7 2 transporters, exclusion: ice statue, kae's ghost, novice DgFE


Innate Abilities, Weirdness & Mutations

You are too large for most types of armour.
You have claws for hands.
Your natural rate of healing is unusually fast.
You are covered in fur. (AC +1)
You have tough skin. (AC +1)


Message History

You kill the hobgoblin!
Trog accepts your kill.
Your black bear goes berserk!
The hobgoblin hits you but does no damage.
Your skin crawls.
You feel strong-willed.
The hobgoblin hits you with a +0 hand axe.
The hobgoblin hits your black bear with a +0 hand axe.
Your black bear barely misses the hobgoblin.
Your black bear claws the hobgoblin. x2
The hobgoblin dies!
Trog accepts your kill. Something hits your black bear.
The orc knight hits your black bear with a +0 war axe!!!
Your black bear dies!
Your black bear's corpse disappears in a puff of smoke!
A red film seems to cover your vision as you go berserk!
You feel yourself moving faster!
You feel mighty!
You can no longer call in reinforcements.
You scratch the orc warlord but do no damage.
You scratch the orc warlord. Your claw misses the orc warlord.
The orc warlord is lightly wounded.
The orc warlord hits you with a +0 vorpal great sword!!!
You closely miss the orc warlord.
The orc warlord is lightly wounded.
You mangle the orc warlord!!
The orc warlord is moderately wounded.
The orc warlord hits you with a +0 vorpal great sword!!!
You mangle the orc warlord!!
The orc warlord is heavily wounded.
You claw the orc warlord!
The orc warlord is heavily wounded.
The orc warlord hits you with a +0 vorpal great sword!!
* * * LOW HITPOINT WARNING * * *
x2 You barely miss the orc warlord.
The orc warlord is heavily wounded.
You scratch the orc warlord but do no damage.
The orc warlord is heavily wounded.
The orc warlord hits you with a +0 vorpal great sword!!!
You die...

#.....⌠...).#.....⌠..
#.........).#........
#...........#........
###.........###.......
###.#)#.....###.###.....
###....)###.###...
###.## ##.........###
.... ###. #..........8#
..... #..
#.........@8#...... #..
#∩....⌠....ogo..... #..
#..........8#o..... #..
#..........8# ..... #..
##.........### .... ###.
###...))###.###...
###.##
###.#)#.....###.###.....
###)........###.......
#...........#.....)).


You could see an orc warlord (strong), an orc knight (strong), an orc warrior
(strong) and a hobgoblin.

Vanquished Creatures
  2 orc knights (Bailey)
  Pikel (D:4)
  An orc sorcerer (D:7)
  A troll (D:7)
  Eustachio (D:5)
  Sigmund (D:6)
  Menkaure (D:7)
  8 orc warriors
  A sky beast (D:6)
  A black bear (D:6)
  An ogre (D:7)
  2 lemures (D:4)
  3 kobold brigands (Sewer)
  A bullfrog (D:7)
  A gnoll sergeant (D:6)
  A necrophage (D:6)
  4 scorpions (D:6)
  4 wights (D:6)
  3 howler monkeys (D:7)
  4 hounds
  A jelly (D:5)
  A gnoll shaman (D:7)
  4 orc priests
  5 iguanas
  2 orc wizards (D:6)
  Terence (D:3)
  Natasha (D:3)
  Robin (D:3)
  16 gnolls
  11 adders
  3 river rats
  2 shadow imps
  4 white imps
  3 ufetubi
  9 worms
  3 dart slugs
  26 orcs
  2 bats (D:1)
  10 endoplasms
  4 giant cockroaches
  24 goblins
  18 hobgoblins
  12 jackals
  5 quokkas
  6 ball pythons
  2 frilled lizards
  7 kobolds
  15 rats
240 creatures vanquished.

Vanquished Creatures (collateral kills)
  2 hobgoblins (Bailey)
2 creatures vanquished.

Vanquished Creatures (others)
  26 plants
26 creatures vanquished.

Grand Total: 268 creatures vanquished

Notes
Turn   | Place    | Note
-------+----------+-------------------------------------------
     0 | D:1      | dohliylev the Troll Berserker began the quest for the Orb.
     0 | D:1      | Reached XP level 1. HP: 22/22 MP: 0/0
   331 | D:1      | Reached XP level 2. HP: 27/29 MP: 1/1
  1009 | D:2      | Found a faded altar of an unknown god.
  1023 | D:2      | Reached XP level 3. HP: 36/36 MP: 2/2
  1137 | D:2      | Reached ** piety under Trog
  1450 | D:3      | Noticed Robin
  1452 | D:3      | Reached XP level 4. HP: 39/45 MP: 3/3
  1465 | D:3      | Noticed Terence
  1486 | D:3      | Killed Terence
  1487 | D:3      | Reached skill level 4 in Unarmed Combat
  1489 | D:3      | Killed Robin
  1522 | D:3      | Found a glowing drain.
  1529 | Sewer    | Entered a sewer
  1581 | Sewer    | Reached XP level 5. HP: 53/53 MP: 4/4
  1718 | Sewer    | Reached skill level 5 in Unarmed Combat
  1718 | Sewer    | Reached XP level 6. HP: 61/61 MP: 5/5
  2347 | D:3      | Reached *** piety under Trog
  2419 | D:3      | Noticed Natasha
  2432 | D:3      | Killed Natasha
  2433 | D:3      | Reached skill level 6 in Unarmed Combat
  2768 | D:4      | Reached XP level 7. HP: 68/68 MP: 6/6
  2972 | D:4      | Identified the ring "Modaps" {*Corrode rPois rF+ rC+ Str+8
                  | Int-4}
  2997 | D:4      | Lost intelligence.
  3181 | D:4      | Noticed Pikel
  3199 | D:4      | Killed Pikel
  3200 | D:4      | Reached skill level 7 in Unarmed Combat
  3200 | D:4      | Reached XP level 8. HP: 48/78 MP: 7/7
  3318 | D:4      | Found a staircase to the Ecumenical Temple.
  3703 | D:5      | Entered Level 5 of the Dungeon
  3836 | D:5      | Found Ypoulera's Book Emporium.
  3843 | D:5      | Noticed Eustachio
  3878 | D:5      | Killed Eustachio
  3879 | D:5      | Reached skill level 8 in Unarmed Combat
  4365 | D:5      | Found a burning altar of Makhleb.
  4395 | D:5      | Found an ornate altar of the Wu Jian Council.
  4537 | D:6      | Noticed Sigmund
  4547 | D:6      | Killed Sigmund
  4548 | D:6      | Reached skill level 5 in Dodging
  4639 | D:6      | Reached **** piety under Trog
  4640 | D:6      | Reached skill level 9 in Unarmed Combat
  4670 | D:6      | Reached skill level 5 in Fighting
  4729 | D:6      | Reached XP level 9. HP: 84/88 MP: 8/8
  5444 | D:6      | Reached skill level 10 in Unarmed Combat
  5522 | D:7      | Noticed Menkaure
  5527 | D:7      | Killed Menkaure
  5560 | D:7      | Noticed an orc sorcerer
  5564 | D:7      | Killed an orc sorcerer
  5630 | D:7      | Noticed a troll
  5641 | D:7      | Killed a troll
  5642 | D:7      | Reached skill level 11 in Unarmed Combat
  5725 | D:7      | Found a transporter.
  5737 | D:7      | Noticed a deep elf pyromancer
  5737 | D:7      | Noticed kae's ghost (novice DgFE)
  5785 | D:7      | Found a transporter.
  5820 | D:7      | Noticed an ice statue
  5895 | D:7      | Noticed a cyclops
  5942 | D:7      | Found a flagged portal.
  5952 | Bailey   | Entered a bailey
  5992 | Bailey   | Reached ***** piety under Trog
  6042 | Bailey   | Reached XP level 10. HP: 98/98 MP: 9/9
  6148 | Bailey   | Noticed an orc knight
  6178 | Bailey   | Killed an orc knight
  6242 | Bailey   | Noticed an orc knight
  6265 | Bailey   | Killed an orc knight
  6266 | Bailey   | Reached skill level 12 in Unarmed Combat
  6351 | Bailey   | Noticed an orc warlord
  6352 | Bailey   | Noticed an orc knight
  6370 | Bailey   | Annihilated by an orc warlord

Illustrated notes

Levels and vault maps discovered:
D:1:      eino_arrival_tree_alley, layout_basic
D:2:      layout_basic, hellmonk_ecumenical_altar_heavens_door
D:3:      layout_loops_ring, portal_sewer_entry_b, st_stairs_2, uniq_robin,
          uniq_terence, uniq_natasha
D:4:      layout_loops_ring, minmay_temple_entry_gardened_gates, serial_bayou,
          serial_bayou_shore_a, serial_bayou_shore_b, serial_bayou_lake_a,
          serial_bayou_pond_d, serial_bayou_pond_b, serial_bayou_pond_b,
          minmay_close_crescents, uniq_pikel
D:5:      layout_rooms, mainiacjoe_overflow_two_lobes, serial_shops,
          nicolae_stop_n_shop_1, serial_bayou_lagoon_a, uniq_eustachio
D:6:      minmay_inner_zag, layout_basic, st_stairs_9, uniq_sigmund
D:7:      cheibrodos_wizards_tower, layout_rooms, enter_bailey_8,
          nzn_ghost_randoct, serial_bayou, serial_bayou_ford_a,
          serial_bayou_lagoon_b, serial_bayou_crossing, serial_bayou_shore_b,
          lemuel_flame_loot_1, uniq_menkaure
Bailey:   bailey_axe_minmay_hex_keep, bailey

Skill      XL: |  1  2  3  4  5  6  7  8  9 10 |
---------------+-------------------------------+-----
Dodging        | 3 4 5 6 |  6.5
Fighting       | 3 4 5 6 |  6.3
Unarmed Combat | 4 5 6 7 9 11 12 | 12.2

Action                   |  1- 3 |  4- 6 |  7- 9 | 10-12 || total
-------------------------+-------+-------+-------+-------++-------
Melee: Unarmed           |   109 |   169 |   293 |    77 ||   648
       Punch             |     2 |     3 |    11 |     3 ||    19
Invok: Berserk           |     2 |     2 |     5 |     4 ||    13
       Trog's Hand       |       |     4 |     4 |     4 ||    12
       Brothers in Arms  |       |       |       |     3 ||     3
  Use: Scroll            |     2 |       |     1 |       ||     3
 Stab: Sleeping          |     1 |       |     1 |       ||     2
Armor: Animal skin       |    46 |    46 |    81 |     6 ||   179
Dodge: Dodged            |    62 |    86 |   150 |    18 ||   316

Table legend: (Time is in decaauts)
 A = Elapsed time spent in this place.
 B = Non-inter-level travel time spent in this place.
 C = Inter-level travel time spent in this place.
 D = Time resting spent in this place.
 E = Time spent auto-exploring this place.
 F = Levels seen in this place.
 G = Mean time per level.
                   A        B        C        D        E       F      G
               +--------+--------+--------+--------+--------+-----+--------+
         Total |   6588 |   6482 |    106 |    711 |   4174 |   9 |  732.0 |
       Dungeon |   5604 |   5498 |    106 |    550 |   3705 |   7 |  800.6 |
         Sewer |    563 |    563 |      0 |      0 |    363 |   1 |  563.0 |
        Bailey |    421 |    421 |      0 |    160 |    105 |   1 |  421.0 |
               +--------+--------+--------+--------+--------+-----+--------+

Top non-repeatable levels by time:
     D:4: 1145 daAuts
     D:6: 1077 daAuts
     D:3: 776 daAuts
     D:5: 758 daAuts
     D:2: 713 daAuts
     D:1: 688 daAuts
   Sewer: 563 daAuts
     D:7: 444 daAuts
  Bailey: 421 daAuts
